 Dungeon Crawl Stone Soup version 0.13-a0-1804-g486adc7 (webtiles) character file.

3616 4tharraofdagon the Thaumaturge (level 9, -2/92 HPs)
             Began as a Djinni Fire Elementalist on June 24, 2013.
             Was a Follower of Vehumet.
             Slain by Erolcha
             ... wielding a +1,+0 great mace of distortion
              (11 damage)
             ... on Level 12 of the Dungeon.
             The game lasted 00:23:59 (5763 turns).

4tharraofdagon the Thaumaturge (DjFE)               Turns: 5763, Time: 00:24:00

HP  -2/92        AC  4     Str  9      XL: 9   Next: 79%
MP   0/0         EV 10     Int 19      God: Vehumet [*.....]
Gold 148         SH  0     Dex 13      Spells:  4 memorised, 15 levels left

Res.Fire  : + + +   See Invis. : .   u - staff of power
Res.Cold  : x x .   Warding    : .   k - +0 leather armour (curse)
Life Prot.: + + +   Conserve   : .   (no shield)
Res.Poison: .       Res.Corr.  : .   (no helmet)
Res.Elec. : .       Clarity    : .   w - +0 cloak
Sust.Abil.: . .     Spirit.Shd : .   (no gloves)
Res.Mut.  : .       Stasis     : .   (boots unavailable)
Res.Rott. : .       Flight     : .   (no amulet)
Saprovore : . . .                    (no ring)
                                     m - ring of fire

@: slightly resistant to hostile enchantments, unstealthy
A: no striking features
a: Renounce Religion


You were on level 12 of the Dungeon.
You worshipped Vehumet.
Vehumet was most pleased with you.
You were not hungry.

You visited 1 branch of the dungeon, and saw 12 of its levels.

You collected 265 gold pieces.
You spent 137 gold pieces at shops.

Inventory:

Hand weapons
 l - a +0,+0 mace
 B - a +2,+3 dwarven broad axe
Armour
 a - a +0 robe
 k - a cursed +0 leather armour (worn)
 w - a +0 cloak (worn)
Magical devices
 s - a wand of magic darts (0)
 t - a wand of fireball (3)
Scrolls
 d - 7 scrolls of fog {unknown}
 g - a scroll of identify
 j - 5 scrolls of teleportation
 n - a scroll of fear
 p - 2 scrolls of remove curse {unknown}
 r - a scroll of immolation {unknown}
 v - 2 scrolls of enchant armour {unknown}
 x - a scroll of curse weapon
 y - a scroll of curse jewellery {unknown}
 z - a scroll of silence {unknown}
 C - a scroll of enchant weapon II {unknown}
Jewellery
 m - a ring of fire (left hand)
Potions
 c - a potion of curing
 e - a potion of heal wounds
 f - 2 potions of brilliance
 h - a potion of berserk rage {unknown}
 i - a potion of poison
 q - a potion of restore abilities
 A - a potion of mutation {unknown}
Books
 b - a book of Flames

   Spells                             Type                      Level
   *Flame Tongue                      Conjuration/Fire             1
   Throw Flame                        Conjuration/Fire             2
   *Conjure Flame                     Conjuration/Fire             3
   Inner Flame                        Hexes/Fire                   3
   *Sticky Flame                      Conjuration/Fire             4
   *Fireball                          Conjuration/Fire             5
 o - a Young Poisoner's Handbook

   Spells                             Type                      Level
   Sting                              Conjuration/Poison           1
   Cure Poison                        Poison                       2
   Mephitic Cloud                     Conjuration/Poison/Air       3
   Olgreb's Toxic Radiance            Poison                       4
   Venom Bolt                         Conjuration/Poison           5
Magical staves
 u - an uncursed staff of power (weapon)


   Skills:
 - Level 1.7 Dodging
 - Level 1.5 Stealth
 * Level 10.3 Spellcasting
 - Level 7.2 Conjurations
 - Level 9.2 Fire Magic


You had 15 spell levels left.
You knew the following spells:

 Your Spells              Type           Power        Failure   Level  Hunger
a - Flame Tongue          Conj/Fire      #####        1%          1    None
b - Conjure Flame         Conj/Fire      ######..     1%          3    None
c - Sticky Flame          Conj/Fire      ######..     2%          4    ##.....
d - Fireball              Conj/Fire      ######....   10%         5    ####...


Dungeon Overview and Level Annotations

Branches:
Dungeon (12/27)
 Temple: D:4-7          Orc: D:6-11        Lair: D:8-13

Altars:
Ashenzari
Elyvilon
Fedhas
Vehumet
Xom
Yredelemnul
Zin

Shops:
D:3: * D:5: !+[%*

Annotations
D:4 Edmund, Pikel, Prince Ribbit
D:7 4tharraofdagon's ghost, average TrMo
D:9 exclusion: oklob sapling
D:12 Erolcha


Message History

Erolcha is engulfed in roaring flames.
Erolcha hits you with a runed great mace!
Space bends around you.
Casting: Conjure Flame
Confirm with . or Enter, or press ? or * to list all spells.
Aiming: Sticky Flame
Press: ? - help, Shift-Dir - straight line, f - Erolcha
Aim: Erolcha, wielding a great mace of distortion and wearing a robe (flame, lightly wounded)
You feel a surge of power!
The sticky flame hits Erolcha.
Erolcha is moderately wounded.
Erolcha is covered in liquid flames!
Erolcha burns!
Unknown command.
You hit Erolcha.
Erolcha is heavily wounded.
Erolcha burns!
Erolcha is engulfed in roaring flames.
Erolcha hits you with a great mace of distortion!
* * * LOW HITPOINT WARNING * * *
Space warps horribly around you!
You die...

#.# #.# #.# #.# #.# #.#
#.# #.# #.# #.# #.# #.#
..#######.####.#
#......(..O....########
#.#######@####.........
#.# #.#########
....####<####.#........
#............'........T
....####.####.#.........
#.# #.#......... #.#
#.#........ #.#
#.#%..O.... #.#
#.#........


You could see Erolcha (burning).

Vanquished Creatures
  A hydra zombie (D:12)
  4 wandering mushrooms (D:9)
  2 hippogriffs
  Menkaure (D:6)
  A slave (D:4)
  3 ice beasts
  2 ogres
  A phantom (D:4)
  3 sky beasts
  A big kobold (D:10)
  2 yak skeletons
  2 centaurs
  Blork the orc (D:4)
  An eye of draining (D:7)
  A sky beast zombie (D:5)
  3 wights
  A goliath beetle (D:9)
  An orc priest (D:6)
  An ogre skeleton (D:5)
  A hound (D:6)
  2 iguanas
  3 orc wizards
  6 worker ants
  A scorpion (D:6)
  A goliath beetle zombie (D:5)
  4 adders
  An adder zombie (D:5)
  A giant mite (D:5)
  An iguana skeleton (D:5)
  3 worms (D:5)
  2 giant eyeballs
  3 giant geckos
  4 orcs
  3 goblins
  3 hobgoblins
  A jackal (D:5)
  A quokka (D:5)
  A ball python (D:5)
  5 bats
  3 giant cockroaches
  A giant newt (D:3)
  A hobgoblin zombie (D:5)
  11 kobolds
  8 rats
  A rat skeleton (D:5)
104 creatures vanquished.

Vanquished Creatures (others)
  An orc (D:5)
  A fungus (D:5)
2 creatures vanquished.

Grand Total: 106 creatures vanquished

Notes
Turn   | Place    | Note
--------------------------------------------------------------
     0 | D:1      | 4tharraofdagon, the Djinni Fire Elementalist, began the quest for the Orb.
     0 | D:1      | Reached XP level 1. HP: 14/14 MP: 0/0
   260 | D:3      | Found Zin's Purification Station.
   261 | D:3      | Found a glowing silver altar of Zin.
   423 | D:3      | Reached XP level 2. EP: 12/21
   516 | D:4      | Noticed a phantom
   533 | D:4      | Noticed Edmund
   726 | D:5      | Entered Level 5 of the Dungeon
   728 | D:5      | Found Vaufew's General Store.
   777 | D:5      | Reached XP level 3. EP: 14/27
   782 | D:5      | Learned a level 3 spell: Conjure Flame
   856 | D:5      | Bought a scroll of teleportation for 36 gold pieces
   887 | D:6      | Reached skill level 5 in Fire Magic
   887 | D:6      | Reached XP level 4. EP: 18/35
   979 | D:6      | Found a white marble altar of Elyvilon.
  1038 | D:7      | Noticed a hippogriff
  1038 | D:7      | Noticed an ice beast
  1045 | D:7      | Killed a hippogriff
  1045 | D:7      | Reached skill level 6 in Fire Magic
  1045 | D:7      | Reached XP level 5. EP: 12/41
  1051 | D:7      | Killed an ice beast
  1051 | D:7      | Reached XP level 6. EP: 3/48
  1057 | D:7      | Learned a level 4 spell: Sticky Flame
  1245 | D:7      | Noticed a centaur
  1380 | D:6      | Reached skill level 7 in Fire Magic
  1509 | D:6      | Paralysed by a giant eyeball for 2 turns
  1516 | D:6      | Paralysed by a giant eyeball for 4 turns
  1598 | D:6      | Noticed a sky beast
  1607 | D:6      | Killed a sky beast
  1607 | D:6      | Reached skill level 5 in Conjurations
  1618 | D:6      | Noticed Menkaure
  1701 | D:5      | Found Strakloawn's Book Emporium.
  1705 | D:5      | Found Kiedo's Armour Emporium.
  1713 | D:5      | Reached XP level 7. EP: 29/56
  1976 | D:5      | Noticed an ogre
  1976 | D:5      | Noticed an ice beast
  1994 | D:5      | Killed an ogre
  2007 | D:5      | Found Vecvi's Distillery.
  2031 | D:5      | Bought a potion of heal wounds for 42 gold pieces
  2031 | D:5      | Bought a potion of brilliance for 35 gold pieces
  2099 | D:4      | Reached skill level 8 in Fire Magic
  2148 | D:4      | Noticed Blork the orc
  2149 | D:4      | Noticed a phantom
  2156 | D:4      | Killed Blork the orc
  2175 | D:4      | Killed a phantom
  2333 | D:4      | Noticed Prince Ribbit
  2334 | D:4      | Noticed a slave
  2335 | D:4      | Noticed a slave
  2338 | D:4      | Noticed a slave
  2339 | D:4      | Noticed Pikel
  2341 | D:4      | Noticed a slave
  2347 | D:4      | Killed a slave
  2497 | D:5      | Found a basalt altar of Yredelemnul.
  2552 | D:5      | Found a radiant altar of Vehumet.
  2558 | D:5      | Found a shimmering altar of Xom.
  2578 | D:5      | Reached XP level 8. EP: 50/64
  2581 | D:5      | Found a shattered altar of Ashenzari.
  2594 | D:5      | Became a worshipper of Vehumet
  2658 | D:5      | Noticed a sky beast
  2669 | D:5      | Killed a sky beast
  2708 | D:5      | Bought a scroll of identify for 24 gold pieces
  2773 | D:6      | Killed Menkaure
  2773 | D:6      | Reached skill level 5 in Spellcasting
  2773 | D:6      | Reached skill level 9 in Fire Magic
  3423 | D:5      | Killed an ice beast
  3650 | D:5      | Noticed a centaur
  3659 | D:5      | Killed a centaur
  3847 | D:5      | Found Gywn's Food Shop.
  4206 | D:6      | Learned a level 5 spell: Fireball
  4377 | D:7      | Acquired Vehumet's first power
  4377 | D:7      | Offered knowledge of Sandblast by Vehumet.
  4423 | D:7      | Noticed a yak skeleton
  4424 | D:7      | Paralysed by a giant eyeball for 3 turns
  4446 | D:7      | Killed a yak skeleton
  4502 | D:7      | Noticed an ogre
  4502 | D:7      | Noticed 4tharraofdagon's ghost (average TrMo)
  4688 | D:9      | Noticed a wandering mushroom
  4689 | D:9      | Noticed a wandering mushroom
  4725 | D:9      | Killed a wandering mushroom
  4725 | D:9      | Reached XP level 9. EP: 74/74
  4791 | D:9      | Noticed a wandering mushroom
  4839 | D:9      | Killed a wandering mushroom
  4844 | D:9      | Found a blossoming altar of Fedhas.
  4844 | D:9      | Noticed a wandering mushroom
  4850 | D:9      | Killed a wandering mushroom
  4858 | D:9      | Killed a wandering mushroom
  5258 | D:10     | Entered Level 10 of the Dungeon
  5693 | D:12     | Noticed an eight-headed hydra zombie
  5737 | D:12     | Killed an eight-headed hydra zombie
  5737 | D:12     | Reached skill level 10 in Spellcasting
  5746 | D:12     | Noticed Erolcha
  5763 | D:12     | Slain by Erolcha

Action                   |  1- 3 |  4- 6 |  7- 9 || total
-------------------------+-------+-------+-------++-------
Melee: Mace              |       |    16 |    14 ||    30
       Staff             |       |       |    47 ||    47
 Cast: Flame Tongue      |    37 |     8 |   112 ||   157
       Conjure Flame     |       |     2 |    14 ||    16
       Sticky Flame      |       |     4 |    32 ||    36
Evoke: Wand              |       |       |    13 ||    13
  Use: Potion            |       |       |     2 ||     2
       Scroll            |       |       |     4 ||     4
